 Dungeon Crawl Stone Soup version 0.29-a0-670-g5ff2a30383 (webtiles) character file.

Game seed: 15622912329184085026

646 Cthan the Cutter (level 7, -3/38 HPs)
             Began as a Kobold Arcane Marksman on June 24, 2022.
             Was a Believer of the Shining One.
             Splashed by a jelly's acid (10 damage)
             ... on level 5 of the Dungeon.
             The game lasted 00:37:00 (6230 turns).

Cthan the Cutter (Kobold Arcane Marksman)           Turns: 6230, Time: 00:37:01

Health: -3/38      AC:  1    Str:  7    XL:     7   Next: 82%
Magic:  8/8        EV: 14    Int: 15    God:    the Shining One [**....]
Gold:   322        SH:  0    Dex: 17    Spells: 7/8 levels left

rFire   + . .      SeeInvis .   b - +0 dagger (elec)
rCold   . . .      Faith    .   (no shield)
rNeg    + . .      Spirit   .   j - +0 leather armour
rPois   .          Reflect  .   (no helmet)
rElec   .          Harm     .   k - +0 cloak
rCorr   .          Rampage  .   y - +0 pair of gloves
Will    +....                   (no boots)
Stlth   +.........              (no amulet)
HPRegen 0.12/turn               m - ring of protection from fire
MPRegen 0.11/turn               x - ring of willpower

@: corroded, glowing
A: small, no large weapons, nightstalker 3
a: Renounce Religion, Divine Shield


You were on level 5 of the Dungeon.
You worshipped the Shining One.
The Shining One was pleased with you.
You visited 1 branch of the dungeon, and saw 5 of its levels.

You collected 322 gold pieces.

Inventory:

Hand Weapons
 a - a +2 hand crossbow of flaming
 b - a +0 dagger of electrocution (weapon)
 t - a +3 dagger of protection
Missiles
 l - 5 silver javelins
 p - 6 poisoned darts
Armour
 j - a +0 leather armour (worn)
 k - a +0 cloak (worn)
 y - a +0 pair of gloves (worn)
Jewellery
 m - a ring of protection from fire (left hand)
 x - a ring of willpower (right hand)
Scrolls
 c - 3 scrolls of vulnerability
 d - a scroll of brand weapon
 h - a scroll of torment {unknown}
 i - a scroll of magic mapping {unknown}
 n - a scroll of noise {unknown}
 o - 2 scrolls of fog
 r - a scroll of teleportation
 u - a scroll of acquirement {unknown}
 w - a scroll of fear {unknown}
Potions
 e - a potion of resistance
 f - a potion of brilliance
 g - a potion of curing
 q - a potion of lignification
 s - 3 potions of might
 v - a potion of cancellation
 z - a potion of ambrosia
 A - a potion of haste
 B - a potion of magic
 C - a potion of mutation {unknown}


   Skills:
 - Level 1.1 Fighting
 - Level 7.4 Short Blades
 + Level 7.4 Crossbows
 - Level 2.4 Dodging
 - Level 1.1 Spellcasting
 - Level 3.1 Hexes


You had 7 spell levels left.
You knew the following spells:

 Your Spells              Type           Power      Damage    Failure   Level
a - Slow                  Hex            40%        N/A       10%         1

Your spell library contained the following spells:

 Spells                   Type           Power      Damage    Failure   Level
 Inner Flame              Hex/Fire       5%         N/A       50%         3
 Portal Projectile        Hex/Tloc       10%        N/A       50%         3
 Cause Fear               Hex            5%         N/A       69%         4
 Frozen Ramparts          Ice            0%         1d2       73%         3
 Gell's Gravitas          Tloc           0%         N/A       73%         3
 Lesser Beckoning         Tloc           0%         N/A       73%         3
 Stone Arrow              Conj/Erth      0%         3d7       73%         3
 Teleport Other           Tloc           0%         N/A       73%         3
 Animate Armour           Summ/Erth      0%         N/A       98%         4
 Ice Form                 Ice/Tmut       0%         N/A       98%         4
 Summon Ice Beast         Ice/Summ       0%         N/A       98%         4
 Lehudib's Crystal Spear  Conj/Erth      0%         10d2      100%        8


Dungeon Overview and Level Annotations

Branches:
Dungeon (5/15)             Temple (0/1) D:5

Altars:
Ashenzari
The Shining One

Shops:
D:2 (


Innate Abilities, Weirdness & Mutations

You are small and have problems with some larger weapons.
You are completely attuned to the shadows.


Message History

The adder seems to slow down.
The hound bites you. The hound bites you but does no damage.
The adder bites you but does no damage. The necrophage barely misses you.
You closely miss the hound.
The hound is almost dead.
The hound bites you but does no damage.
You hit the hound. Lightning courses through the hound!
You kill the hound!
The necrophage hits you but does no damage.
The adder bites you but does no damage. The orc completely misses you.
An orc comes into view. It is wielding a +0 club.
You hit the adder.
The adder is moderately wounded.
The adder misses you. The orc closely misses you.
The necrophage barely misses you.
You hit the adder. Lightning courses through the adder!
You kill the adder!
The necrophage attacks as you move away!
The necrophage hits you. The orc attacks as you move away!
The orc hits you with a +0 club.
Your magical contamination has completely faded away.
An adder comes into view.
The jelly attacks as you move away! The jelly closely misses you.
The jelly attacks as you move away! The jelly hits you but does no damage.
You hit the jelly. Lightning courses through the jelly! The acid corrodes you!
Your hands burn!
The jelly is heavily wounded.
The jelly hits you.
You are splashed with acid!
* * * LOW HITPOINT WARNING * * *
You feel better. The jelly hits you.
* * * LOW HITPOINT WARNING * * *
You are splashed with acid!
* * * LOW HITPOINT WARNING * * *
An orc comes into view. It is wielding a +0 falchion.
You feel better. The orc misses you. The jelly barely misses you.
Magic courses through your body. The jelly hits you.
* * * LOW HITPOINT WARNING * * *
You are splashed with acid!
You die...

.... ##....###..
.... ##..#.# #.
.... ##...#...
....########..#..#
..........###...#
...............##
##........######
##.......o###
#.......onJ@#
..#.††#...#o#
##..([.###....
#.###.# #..... '.
S.+ #.....


You could see a necrophage, a jelly and 3 orcs.

Vanquished Creatures
  An ice beast (D:5)
  An ogre (D:4)
  A phantom (D:4)
  A necrophage (D:3)
  A howler monkey (D:3)
  2 hounds
  An orc wizard (D:3)
  12 adders
  2 ufetubi (D:4)
  A worm (D:4)
  3 dart slugs
  14 orcs
  7 ball pythons
  4 endoplasms
  2 giant cockroaches (D:2)
  4 goblins
  5 hobgoblins
  7 jackals (D:1)
  3 kobolds
  3 quokkas
  4 bats
  3 frilled lizards
  3 rats
85 creatures vanquished.

Notes
Turn   | Place    | Note
-------+----------+-------------------------------------------
     0 | D:1      | Cthan the Kobold Arcane Marksman began the quest for the
                  | Orb.
     0 | D:1      | Reached XP level 1. HP: 12/12 MP: 2/2
   411 | D:1      | Reached XP level 2. HP: 16/16 MP: 3/3
   523 | D:1      | Found a faded altar of an unknown god.
   677 | D:1      | Reached XP level 3. HP: 8/20 MP: 4/4
  1088 | D:1      | Prayed at the altar of an unknown god.
  1088 | D:1      | Became a worshipper of the Shining One
  1088 | D:1      | Reached * piety under the Shining One
  1660 | D:2      | Reached skill level 5 in Crossbows
  1677 | D:2      | Found Jeydwe's Antique Weapon Emporium.
  1688 | D:2      | HP: 1/20 [poisoned by an adder]
  1691 | D:2      | Reached XP level 4. HP: 12/25 MP: 5/5
  2546 | D:3      | Reached skill level 1 in Short Blades
  2546 | D:3      | Reached XP level 5. HP: 26/29 MP: 6/6
  3126 | D:3      | Reached XP level 6. HP: 32/34 MP: 7/7
  3298 | D:3      | Reached skill level 5 in Short Blades
  4431 | D:4      | Noticed an ogre
  4436 | D:4      | Killed an ogre
  4656 | D:4      | Reached XP level 7. HP: 36/38 MP: 4/8
  5016 | D:4      | Reached ** piety under the Shining One
  5222 | D:4      | Found a broken altar of Ashenzari.
  5570 | D:5      | Entered Level 5 of the Dungeon
  5928 | D:5      | Found a staircase to the Ecumenical Temple.
  6230 | D:5      | Splashed by a jelly's acid

Illustrated notes

Levels and vault maps discovered:
D:1:      minmay_arrival_radiant_lines, layout_basic,
          hellmonk_ecumenical_altar_run_dry
D:2:      layout_loops_ring, serial_shops, shop, minmay_tetromino_s4
D:3:      layout_loops_ring, wad_orctagon
D:4:      cheibrodos_old_hovel, layout_gridville, evilmike_ruin_ashenzari
D:5:      layout_basic, minmay_temple_entry_arrows,
          minmay_fractal_squares_diagonal_5, uniq_eustachio

Skill      XL: |  1  2  3  4  5  6  7 |
---------------+----------------------+-----
Crossbows      | 3 4 5 6 7 |  7.4
Short Blades   | 1 4 7 |  7.4
Fighting       | |  1.1
Dodging        | |  2.4
Spellcasting   | |  1.1
Hexes          | |  3.1

Action                   |  1- 3 |  4- 6 |  7- 9 || total
-------------------------+-------+-------+-------++-------
Melee: Dagger            |    15 |   155 |    37 ||   207
       Punch             |       |     3 |       ||     3
 Fire: Hand crossbow     |    63 |    28 |    31 ||   122
 Cast: Slow              |       |    39 |    13 ||    52
  Use: Potion            |     2 |     1 |     3 ||     6
       Scroll            |       |       |    11 ||    11
Armor: Robe              |     1 |       |       ||     1
       Leather armour    |    12 |    28 |    26 ||    66
Dodge: Dodged            |    56 |    76 |    40 ||   172

Table legend: (Time is in decaauts)
 A = Elapsed time spent in this place.
 B = Non-inter-level travel time spent in this place.
 C = Inter-level travel time spent in this place.
 D = Time resting spent in this place.
 E = Time spent auto-exploring this place.
 F = Levels seen in this place.
 G = Mean time per level.
                   A        B        C        D        E       F      G
               +--------+--------+--------+--------+--------+-----+--------+
         Total |   6208 |   6069 |    139 |   2281 |   1636 |   5 | 1241.6 |
       Dungeon |   6208 |   6069 |    139 |   2281 |   1636 |   5 | 1241.6 |
               +--------+--------+--------+--------+--------+-----+--------+

Top non-repeatable levels by time:
     D:2: 1702 daAuts
     D:3: 1526 daAuts
     D:4: 1199 daAuts
     D:1: 1123 daAuts
     D:5: 656 daAuts
